[ AOE2 MATCH · #513828252 ]
UnrankedByzantines vs Malay
Rival team · LOSS
[ REPLAY ANALYSIS · EXTRACTED FROM THE RECORDED GAME ]
Feudal
8:52
Castle
22:52
Imperial
—
| APM avg | 49.6 |
| APM peak | 67 |
| eAPM avg | 21.2 |
| Villagers / military | 118 / 82 |
Focus
⚔️ 36.7% · 🌾 63.3%
Skirmisher ×63 · Spearman ×8 · Monk ×7 · Cataphract ×4
Feudal
9:13
Castle
23:23
Imperial
—
| APM avg | 110.2 |
| APM peak | 156 |
| eAPM avg | 63.1 |
| Villagers / military | 105 / 113 |
Focus
⚔️ 78.0% · 🌾 22.0%
Skirmisher ×52 · Karambit Warrior ×43 · Battle Elephant ×11 · Militia ×3 · Archer ×2 · Monk ×1
Match map
Initial resources + every placement click. Lines = walls · curves = elevation contours. ◆ gold · ⬟ stone · ● berries · ✦ relic · ◌ wall gap
Your base· Open — unwalled flank
ITA | Birillo's base· Open — 4t gap
Smoothed initial terrain · ◌ = detected wall gap · hover for details
Inputs per minute
— recplorer - - ITA | Birillo
Build order — recplorer
First 150 of 337 actions detected
| 0:00 | Queue | Villager (Male) |
| 0:02 | Build | House |
| 0:06 | Queue | Villager (Male) ×3 |
| 1:23 | Queue | Villager (Male) |
| 1:44 | Build | House |
| 1:53 | Queue | Villager (Male) |
| 1:53 | Queue | Villager (Male) |
| 2:10 | Queue | Villager (Male) |
| 2:30 | Build | Lumber Camp |
| 2:44 | Queue | Villager (Male) |
| 3:08 | Queue | Villager (Male) |
| 3:32 | Queue | Villager (Male) |
| 3:41 | Queue | Villager (Male) |
| 3:48 | Build | House |
| 4:20 | Queue | Villager (Male) |
| 4:30 | Queue | Villager (Male) |
| 4:30 | Queue | Villager (Male) |
| 4:55 | Queue | Villager (Male) |
| 5:14 | Queue | Villager (Male) |
| 5:17 | Build | Mill |
| 5:55 | Research | Loom |
| 6:42 | Research | Feudal Age |
| 7:29 | Build | Barracks |
| 8:01 | Build | House |
| 8:08 | Queue | Villager (Male) |
| 8:52 | Age | Feudal Age |
| 8:53 | Build | Archery Range |
| 8:54 | Queue | Spearman |
| 8:54 | Research | Double-Bit Axe |
| 8:56 | Queue | Villager (Male) |
| 9:06 | Queue | Villager (Male) |
| 9:18 | Queue | Villager (Male) |
| 9:33 | Queue | Skirmisher |
| 9:33 | Queue | Skirmisher |
| 9:35 | Build | House |
| 9:35 | Queue | Villager (Male) |
| 9:47 | Build | Farm |
| 9:49 | Build | House |
| 9:56 | Build | Palisade Wall |
| 9:58 | Build | Palisade Wall |
| 9:59 | Build | Palisade Wall |
| 10:04 | Queue | Villager (Male) |
| 10:11 | Build | Palisade Wall |
| 10:12 | Build | Palisade Wall |
| 10:12 | Build | Palisade Wall |
| 10:15 | Queue | Skirmisher |
| 10:15 | Queue | Spearman |
| 10:20 | Build | House |
| 10:23 | Build | Farm |
| 10:39 | Build | Farm |
| 10:40 | Queue | Villager (Male) |
| 10:43 | Build | Farm |
| 10:51 | Build | Palisade Wall |
| 10:51 | Build | Palisade Wall |
| 10:52 | Build | Palisade Wall |
| 10:58 | Build | Palisade Wall |
| 11:01 | Queue | Skirmisher |
| 11:10 | Queue | Villager (Male) |
| 11:18 | Queue | Skirmisher |
| 11:24 | Build | Farm |
| 11:27 | Queue | Villager (Male) |
| 12:01 | Queue | Skirmisher |
| 12:02 | Queue | Villager (Male) |
| 12:18 | Build | Farm |
| 12:19 | Build | Farm |
| 12:21 | Build | Farm |
| 12:23 | Build | House |
| 12:24 | Queue | Skirmisher |
| 12:25 | Queue | Villager (Male) |
| 12:34 | Build | Farm |
| 12:35 | Queue | Villager (Male) |
| 12:45 | Build | Farm |
| 12:50 | Queue | Skirmisher |
| 12:53 | Queue | Villager (Male) |
| 13:14 | Build | Blacksmith |
| 13:15 | Build | Palisade Wall |
| 13:15 | Build | Palisade Wall |
| 13:18 | Queue | Villager (Male) |
| 13:22 | Queue | Skirmisher |
| 13:33 | Queue | Villager (Male) |
| 13:36 | Queue | Skirmisher |
| 13:45 | Build | House |
| 13:48 | Build | Farm |
| 13:49 | Queue | Villager (Male) |
| 13:54 | Build | Palisade Wall |
| 14:02 | Queue | Skirmisher |
| 14:14 | Research | Fletching |
| 14:16 | Queue | Villager (Male) |
| 14:17 | Queue | Villager (Male) |
| 14:20 | Build | Farm |
| 14:40 | Queue | Villager (Male) |
| 14:54 | Queue | Skirmisher |
| 14:56 | Queue | Villager (Male) |
| 15:02 | Build | House |
| 15:03 | Build | House |
| 15:06 | Queue | Villager (Male) |
| 15:15 | Build | Mining Camp |
| 15:15 | Queue | Villager (Male) |
| 15:17 | Queue | Skirmisher |
| 15:17 | Queue | Skirmisher |
| 15:32 | Queue | Villager (Male) |
| 15:55 | Queue | Skirmisher |
| 15:56 | Queue | Villager (Male) |
| 16:10 | Queue | Villager (Male) |
| 16:12 | Queue | Skirmisher |
| 16:16 | Queue | Villager (Male) |
| 16:23 | Queue | Villager (Male) |
| 16:36 | Build | House |
| 16:36 | Queue | Villager (Male) |
| 16:40 | Queue | Skirmisher |
| 16:46 | Build | Farm |
| 16:46 | Build | Farm |
| 16:52 | Build | Watch Tower |
| 17:14 | Queue | Skirmisher |
| 17:18 | Build | Mining Camp |
| 17:27 | Queue | Villager (Male) |
| 17:33 | Queue | Villager (Male) |
| 17:42 | Queue | Villager (Male) |
| 18:33 | Build | Watch Tower |
| 18:38 | Queue | Skirmisher |
| 18:38 | Queue | Skirmisher |
| 18:41 | Queue | Villager (Male) |
| 19:07 | Build | Lumber Camp |
| 19:39 | Queue | Skirmisher |
| 20:08 | Queue | Skirmisher |
| 20:09 | Build | Archery Range |
| 20:12 | Research | Castle Age |
| 20:20 | Queue | Spearman |
| 20:29 | Queue | Skirmisher |
| 20:36 | Queue | Spearman |
| 20:37 | Queue | Skirmisher |
| 20:44 | Build | Palisade Wall |
| 20:46 | Build | Palisade Wall |
| 20:47 | Build | Palisade Wall |
| 21:11 | Queue | Skirmisher |
| 21:11 | Queue | Skirmisher |
| 21:13 | Queue | Skirmisher |
| 21:13 | Queue | Skirmisher |
| 21:14 | Queue | Villager (Male) |
| 21:27 | Build | House |
| 21:29 | Queue | Skirmisher |
| 21:30 | Queue | Skirmisher |
| 21:31 | Queue | Spearman |
| 21:40 | Build | Watch Tower |
| 21:52 | Queue | Villager (Male) |
| 21:56 | Research | Horse Collar |
| 21:57 | Research | Gold Mining |
| 22:00 | Queue | Skirmisher |
| 22:00 | Queue | Skirmisher |
| 22:10 | Queue | Skirmisher |
Build order — ITA | Birillo
First 150 of 324 actions detected
| 0:00 | Queue | Villager (Male) |
| 0:01 | Build | House |
| 0:02 | Build | House |
| 0:04 | Queue | Villager (Male) |
| 0:10 | Queue | Villager (Male) |
| 0:12 | Queue | Villager (Male) |
| 1:25 | Queue | Villager (Male) |
| 1:37 | Queue | Villager (Male) |
| 1:52 | Build | Lumber Camp |
| 2:15 | Queue | Villager (Male) |
| 2:19 | Research | Loom |
| 2:48 | Queue | Villager (Male) |
| 3:02 | Queue | Villager (Male) |
| 3:30 | Queue | Villager (Male) |
| 3:52 | Build | House |
| 4:07 | Queue | Villager (Male) |
| 4:08 | Queue | Villager (Male) |
| 4:18 | Build | Mill |
| 4:37 | Queue | Villager (Male) |
| 4:40 | Queue | Villager (Male) |
| 5:06 | Queue | Villager (Male) |
| 5:28 | Build | House |
| 6:11 | Queue | Villager (Male) |
| 6:13 | Build | Barracks |
| 6:25 | Queue | Villager (Male) |
| 6:26 | Queue | Villager (Male) |
| 6:26 | Research | Loom |
| 6:52 | Build | House |
| 6:58 | Build | Palisade Wall |
| 7:31 | Research | Feudal Age |
| 7:42 | Build | Mining Camp |
| 7:54 | Queue | Militia |
| 8:02 | Build | House |
| 8:03 | Build | Palisade Wall |
| 8:11 | Queue | Militia |
| 8:38 | Queue | Militia |
| 8:41 | Queue | Villager (Male) |
| 9:07 | Queue | Villager (Male) |
| 9:13 | Age | Feudal Age |
| 9:24 | Research | Man-at-Arms (upgrade) |
| 9:28 | Build | Farm |
| 9:29 | Build | Farm |
| 9:31 | Build | Farm |
| 9:36 | Queue | Villager (Male) |
| 9:36 | Queue | Villager (Male) |
| 10:00 | Queue | Villager (Male) |
| 10:07 | Build | House |
| 10:08 | Build | House |
| 10:36 | Queue | Villager (Male) |
| 10:40 | Queue | Villager (Male) |
| 10:41 | Build | Archery Range |
| 10:50 | Research | Double-Bit Axe |
| 10:57 | Build | House |
| 11:08 | Queue | Villager (Male) |
| 11:16 | Build | Farm |
| 11:22 | Queue | Villager (Male) |
| 11:25 | Build | House |
| 11:39 | Queue | Skirmisher |
| 11:40 | Build | House |
| 11:43 | Build | Palisade Wall |
| 11:56 | Build | Palisade Wall |
| 11:56 | Build | Palisade Wall |
| 12:06 | Queue | Skirmisher |
| 12:13 | Queue | Villager (Male) |
| 12:22 | Build | Farm |
| 12:24 | Queue | Skirmisher |
| 12:39 | Build | House |
| 12:45 | Queue | Skirmisher |
| 12:47 | Queue | Villager (Male) |
| 12:53 | Build | Farm |
| 13:02 | Queue | Skirmisher |
| 13:04 | Build | Farm |
| 13:08 | Queue | Villager (Male) |
| 13:11 | Build | Farm |
| 13:24 | Queue | Villager (Male) |
| 13:25 | Build | Farm |
| 13:28 | Build | Palisade Wall |
| 13:31 | Build | House |
| 13:42 | Build | Farm |
| 13:43 | Queue | Skirmisher |
| 13:48 | Queue | Villager (Male) |
| 14:01 | Queue | Skirmisher |
| 14:04 | Queue | Villager (Male) |
| 14:10 | Queue | Spearman |
| 14:32 | Queue | Skirmisher |
| 14:40 | Queue | Villager (Male) |
| 14:48 | Queue | Skirmisher |
| 14:58 | Build | Farm |
| 14:59 | Build | Farm |
| 15:00 | Build | Farm |
| 15:02 | Build | Farm |
| 15:10 | Queue | Skirmisher |
| 15:10 | Queue | Archer |
| 15:13 | Queue | Villager (Male) |
| 15:18 | Queue | Villager (Male) |
| 15:21 | Build | Blacksmith |
| 15:39 | Queue | Skirmisher |
| 15:46 | Queue | Villager (Male) |
| 15:47 | Queue | Skirmisher |
| 15:59 | Queue | Skirmisher |
| 16:04 | Build | Farm |
| 16:04 | Build | Farm |
| 16:20 | Research | Fletching |
| 16:21 | Queue | Skirmisher |
| 16:36 | Queue | Villager (Male) |
| 16:38 | Build | Market |
| 16:40 | Queue | Skirmisher |
| 16:45 | Queue | Villager (Male) |
| 16:46 | Queue | Skirmisher |
| 16:58 | Queue | Skirmisher |
| 17:10 | Queue | Skirmisher |
| 17:18 | Queue | Skirmisher |
| 17:23 | Queue | Villager (Male) |
| 17:29 | Build | Watch Tower |
| 17:32 | Queue | Skirmisher |
| 17:42 | Queue | Skirmisher |
| 17:53 | Queue | Skirmisher |
| 17:57 | Queue | Villager (Male) |
| 18:01 | Queue | Villager (Male) |
| 18:08 | Queue | Villager (Male) |
| 18:16 | Queue | Skirmisher |
| 18:20 | Build | Archery Range |
| 18:28 | Queue | Villager (Male) |
| 18:33 | Queue | Villager (Male) |
| 18:35 | Queue | Skirmisher |
| 18:45 | Queue | Villager (Male) |
| 18:55 | Queue | Villager (Male) |
| 18:56 | Queue | Skirmisher |
| 19:11 | Queue | Villager (Male) |
| 19:14 | Build | Palisade Gate |
| 19:17 | Build | House |
| 19:21 | Build | Palisade Wall |
| 19:22 | Queue | Villager (Male) |
| 19:29 | Build | Palisade Gate |
| 19:33 | Queue | Villager (Male) |
| 19:36 | Queue | Villager (Male) |
| 19:38 | Build | Stable |
| 19:40 | Queue | Skirmisher |
| 19:40 | Queue | Archer |
| 19:42 | Queue | Villager (Male) |
| 19:49 | Build | Palisade Gate |
| 19:56 | Queue | Skirmisher |
| 20:04 | Queue | Skirmisher |
| 20:10 | Queue | Villager (Male) |
| 20:13 | Queue | Skirmisher |
| 20:23 | Build | Farm |
| 20:24 | Build | Farm |
| 20:24 | Build | Farm |
| 20:28 | Build | Lumber Camp |
| 20:31 | Queue | Skirmisher |
Match timeline
| 6:13 | ITA | Birillo · first_building Barracks |
| 6:58 | ITA | Birillo · wall_segment Palisade Wall x3 |
| 7:29 | recplorer · first_building Barracks |
| 8:03 | ITA | Birillo · wall_segment Palisade Wall x4 |
| 8:52 | recplorer · age_up feudal |
| 8:53 | recplorer · first_building Archery Range |
| 9:13 | ITA | Birillo · age_up feudal |
| 9:56 | recplorer · wall_segment Palisade Wall x1 |
| 9:58 | recplorer · wall_segment Palisade Wall x1 |
| 9:59 | recplorer · wall_segment Palisade Wall x1 |
| 10:11 | recplorer · wall_segment Palisade Wall x1 |
| 10:12 | recplorer · wall_segment Palisade Wall x1 |
| 10:12 | recplorer · wall_segment Palisade Wall x1 |
| 10:41 | ITA | Birillo · first_building Archery Range |
| 10:51 | recplorer · wall_segment Palisade Wall x1 |
| 10:51 | recplorer · wall_segment Palisade Wall x1 |
| 10:52 | recplorer · wall_segment Palisade Wall x1 |
| 10:58 | recplorer · wall_segment Palisade Wall x1 |
| 11:43 | ITA | Birillo · wall_segment Palisade Wall x1 |
| 11:56 | ITA | Birillo · wall_segment Palisade Wall x14 |
| 11:56 | ITA | Birillo · wall_segment Palisade Wall x3 |
| 13:15 | recplorer · wall_segment Palisade Wall x1 |
| 13:15 | recplorer · wall_segment Palisade Wall x1 |
| 13:28 | ITA | Birillo · wall_segment Palisade Wall x1 |
| 13:54 | recplorer · wall_segment Palisade Wall x1 |
| 18:32 | ITA | Birillo · first_market_sell 500 wood |
| 18:33 | ITA | Birillo · first_market_buy 500 food |
| 19:21 | ITA | Birillo · wall_segment Palisade Wall x1 |
| 19:38 | ITA | Birillo · first_building Stable |
| 20:44 | recplorer · wall_segment Palisade Wall x1 |
| 20:46 | recplorer · wall_segment Palisade Wall x1 |
| 20:47 | recplorer · wall_segment Palisade Wall x1 |
| 22:21 | recplorer · wall_segment Palisade Wall x1 |
| 22:21 | recplorer · wall_segment Palisade Wall x1 |
| 22:24 | recplorer · wall_segment Palisade Wall x1 |
| 22:26 | recplorer · wall_segment Palisade Wall x1 |
| 22:38 | recplorer · wall_segment Palisade Wall x1 |
| 22:40 | recplorer · wall_segment Palisade Wall x1 |
| 22:41 | recplorer · wall_segment Palisade Wall x1 |
| 22:52 | recplorer · age_up castle |
| 23:05 | recplorer · wall_segment Palisade Wall x1 |
| 23:08 | recplorer · wall_segment Palisade Wall x1 |
| 23:09 | recplorer · wall_segment Palisade Wall x1 |
| 23:10 | recplorer · wall_segment Palisade Wall x1 |
| 23:10 | recplorer · wall_segment Palisade Wall x1 |
| 23:17 | ITA | Birillo · wall_segment Palisade Wall x1 |
| 23:23 | ITA | Birillo · age_up castle |
| 24:19 | recplorer · first_building Monastery |
| 28:10 | recplorer · wall_segment Palisade Wall x1 |
| 29:38 | recplorer · wall_segment Palisade Wall x1 |
| 29:39 | recplorer · wall_segment Palisade Wall x1 |
| 29:42 | recplorer · wall_segment Palisade Wall x1 |
| 29:44 | recplorer · wall_segment Palisade Wall x1 |
| 29:55 | ITA | Birillo · first_building Castle |
| 35:49 | ITA | Birillo · wall_segment Palisade Wall x1 |
| 36:01 | ITA | Birillo · first_building Monastery |
| 36:34 | recplorer · first_building Castle |
| 37:13 | ITA | Birillo · resign |
[ AI ANALYSIS · 1 CREDIT ]
What really happened in this match?
Wolo.gg analyzes every decision: build order, eco, micro, common mistakes by bracket. Personalized analysis on WhatsApp or Discord in 30 seconds.
Civ guide
Byzantines
Perfil
Jugador #25868614